 Dungeon Crawl Stone Soup version 0.32-a0-20-ge526923d97 (webtiles) character file.

Game seed: 7509879751518849107

149 croobank the Sneak (level 5, -4/42 HPs)
             Began as a Human Delver on Jan 18, 2024.
             Succumbed to a scorpion's poison
             ... on level 5 of the Dungeon.
             The game lasted 00:01:28 (164 turns).

croobank the Sneak (Human Delver)                    Turns: 164, Time: 00:01:28

Health: -4/42      AC:  3    Str: 12    XL:     5   Next: 31%
Magic:  5/5        EV: 12    Int: 13    God:
Gold:   12         SH:  0    Dex: 14    Spells: 4/4 levels left

rFire   . . .        h - +0 arbalest
rCold   . . .        (shield currently unavailable)
rNeg    . . .        b - +0 leather armour
rPois   .            (no helmet)
rElec   .            (no cloak)
rCorr   .            (no gloves)
SInv    .            (no boots)
Will    .....        (no amulet)
Stlth   +++          (no ring)
HPRegen 0.27/turn    (no ring)
MPRegen 0.09/turn

%: no passive effects
@: lethally poisoned (-4 -> -25), hasted, very quick
A: explore regen
a: no special abilities


You were on level 5 of the Dungeon.
You visited 1 branch of the dungeon, and saw 1 of its levels.

You collected 12 gold pieces.

Inventory:

Hand Weapons
 a - a +0 short sword
 h - a +0 arbalest (weapon)
Armour
 b - a +0 leather armour (worn)
Wands
 g - a wand of digging (3)
 i - a wand of polymorph (6)
Scrolls
 c - a scroll of fog
 d - a scroll of revelation
 e - a scroll of fear


   Skills:
 + Level 3.8 Fighting
 + Level 3.1 Short Blades
 + Level 3.1 Dodging
 + Level 5.7 Stealth


You had 4 spell levels left.
You didn't know any spells.
Your spell library was empty.

Dungeon Overview and Level Annotations

Branches:
Dungeon (5/15)
 Temple: D:4-7

Altars:


Innate Abilities, Weirdness & Mutations

You regain HP and MP as you explore.


Message History

Press: ? - help, Q - select action, (/) - cycle Shift-Dir - straight line, f/p - shadow imp
Aim: a shadow imp (47% to hit)
You shoot a bolt.
The bolt hits the scorpion but does no damage.
The scorpion is lightly wounded.
The scorpion stings you.
You are poisoned.
The scorpion poisons you! The scorpion closely misses you.
Fire: h) +0 arbalest
Press: ? - help, Q - select action, (/) - cycle Shift-Dir - straight line, f/p - shadow imp
Aim: a shadow imp (47% to hit)
You shoot a bolt. The bolt hits the scorpion.
The scorpion is moderately wounded.
You feel very sick. The scorpion stings you.
You are more poisoned.
The scorpion poisons you! The scorpion stings you.
* * * LOW HITPOINT WARNING * * *
Okay, then.
You feel yourself speed up.
* * * LOW HITPOINT WARNING * * *
You feel very sick. The scorpion closely misses you. x2
Fire: h) +0 arbalest
Press: ? - help, Q - select action, (/) - cycle Shift-Dir - straight line, f/p - shadow imp
Aim: a shadow imp (47% to hit)
You shoot a bolt. The bolt hits the scorpion.
The scorpion is heavily wounded.
* * * LOW HITPOINT WARNING * * *
You feel very sick. The scorpion stings you.
* * * LOW HITPOINT WARNING * * *
You are more poisoned.
The scorpion poisons you!
Fire: h) +0 arbalest
Press: ? - help, Q - select action, (/) - cycle Shift-Dir - straight line, f/p - shadow imp
Aim: a shadow imp (47% to hit)
You shoot a bolt. The bolt hits the scorpion!
You kill the scorpion!
You die...

##### ...##
###..############
#.#.#.#.#.#.#.#.#
#@#.#.#.#.#.#.##
#.#.#.#.#.#.#.#.#
#5#.#.#.#.#.#.#.##
#.#.#.#.#.#.#.#.#.#..
#?#.#.#.#.#.#.#.#.##..
#.#.#.#.#.#.#.#.#.#.#..
#.#.#.#.#.#.#.#.#.#.##..
.#.#.#.#.#.#.#.#.#.#.#..
.#.# .#.#.#.#.#.#.##..


You could see a shadow imp.

Vanquished Creatures
  An ogre (D:5)
  A scorpion (D:5)
  A bombardier beetle (D:5)
  A sleepcap (D:5)
4 creatures vanquished.

Notes
Turn   | Place    | Note
-------+----------+-------------------------------------------
     0 | D:5      | croobank the Human Delver began the quest for the Orb.
     0 | D:5      | Reached XP level 1. HP: 18/18 MP: 1/1
    18 | D:5      | Noticed a bombardier beetle
    24 | D:5      | Killed a bombardier beetle
    25 | D:5      | Reached XP level 2. HP: 7/24 MP: 2/2
    25 | D:5      | Reached XP level 3. HP: 9/29 MP: 3/3
    25 | D:5      | Noticed an ogre
   113 | D:5      | Killed an ogre
   114 | D:5      | Reached XP level 4. HP: 37/37 MP: 4/4
   114 | D:5      | Reached XP level 5. HP: 42/42 MP: 5/5
   163 | D:5      | HP: 2/42 [scorpion (3)]
   164 | D:5      | Succumbed to a scorpion's poison

Illustrated notes

Levels and vault maps discovered:
D:5:      layout_basic

Skill      XL: |  1  2  3 |
---------------+----------+-----
Short Blades   | 3 |  3.1
Dodging        | 3 |  3.1
Fighting       | |  3.8
Stealth        | |  5.7

Action                     |  1- 3 |  4- 6 || total
---------------------------+-------+-------++-------
   Fire: Arbalest          |     9 |    15 ||    24
    Use: Potion            |       |     1 ||     1
 Armour: Leather armour    |       |    11 ||    11
  Dodge: Dodged            |       |     9 ||     9

Table legend: (Time is in decaauts)
 A = Elapsed time spent in this place.
 B = Non-inter-level travel time spent in this place.
 C = Inter-level travel time spent in this place.
 D = Time resting spent in this place.
 E = Time spent auto-exploring this place.
 F = Levels seen in this place.
 G = Mean time per level.
                   A        B        C        D        E       F      G
               +--------+--------+--------+--------+--------+-----+--------+
         Total |    184 |    184 |      0 |     73 |      0 |   1 |  184.0 |
       Dungeon |    184 |    184 |      0 |     73 |      0 |   1 |  184.0 |
               +--------+--------+--------+--------+--------+-----+--------+

Top non-repeatable levels by time:
     D:5: 184 daAuts
